 Dungeon Crawl Stone Soup version 0.27-a0-972-gd1521fd518 (webtiles) character file.

Game seed: 4561958931614947870

309 DarkShadow the Covered (level 6, 0/55 HPs)
             Began as a Minotaur Fighter on Apr 14, 2021.
             Slain by Sigmund
             ... wielding a +2 scythe of flaming
              (8 damage)
             ... on level 4 of the Dungeon.
             The game lasted 00:08:31 (3320 turns).

DarkShadow the Covered (Minotaur Fighter)           Turns: 3320, Time: 00:08:31

Health: 0/55       AC: 11    Str: 23    XL:     6   Next: 17%
Magic:  5/5        EV:  6    Int:  5    God:
Gold:   229        SH: 10    Dex: 15    Spells: 5/5 levels left

rFire    . . .     SeeInvis .   a - +1 long sword
rCold    . . .     Faith    .   c - +0 kite shield
rNeg     + . .     Spirit   .   p - +0 chain mail
rPois    .         Reflect  .   (helmet restricted)
rElec    .         Harm     .   (no cloak)
rCorr    .         Rampage  .   (no gloves)
Will     .....                  m - +0 pair of boots {Fly}
Stlth    ..........             r - amulet of regeneration
HPRegen  1.18/turn              i - +6 ring of dexterity
MPRegen  0.09/turn              e - ring of positive energy

@: about to teleport, flying
A: horns 2, retaliatory headbutt
a: no special abilities


You were on level 4 of the Dungeon.
You visited 1 branch of the dungeon, and saw 4 of its levels.

You collected 229 gold pieces.

Inventory:

Hand Weapons
 a - a +1 long sword (weapon)
 u - a +2 falchion of electrocution
Missiles
 g - 5 curare-tipped darts (quivered)
Armour
 b - a +0 scale mail
 c - a +0 kite shield (worn)
 m - a +0 pair of boots of flying (worn)
 p - a +0 chain mail (worn)
Jewellery
 e - a ring of positive energy (right hand)
 i - a +6 ring of dexterity (left hand)
 r - an amulet of regeneration (around neck)
Wands
 q - a wand of charming (8)
 s - a wand of flame (5)
Scrolls
 k - 2 scrolls of identify
 l - a scroll of teleportation
 o - a scroll of magic mapping {unknown}
 t - a scroll of immolation {unknown}
Potions
 d - a potion of might
 f - a potion of cancellation
 h - 3 potions of attraction
 j - a potion of haste
 n - a potion of flight {unknown}


   Skills:
 + Level 4.9 Fighting
 + Level 5.1 Long Blades
 + Level 5.2 Armour
 - Level 0.1 Dodging
 + Level 4.9 Shields


You had 5 spell levels left.
You didn't know any spells.
Your spell library was empty.

Dungeon Overview and Level Annotations

Branches:
Dungeon (4/15)
 Temple: D:4-7

Altars:
Dithmenos

Annotations:
D:4 Sigmund


Innate Abilities, Weirdness & Mutations

You have a pair of horns on your head.
You reflexively headbutt those who attack you in melee.


Message History

You hear some strange, mumbled words.
Something tries to affect you, but you resist.
You barely miss something. You headbutt something.
Something hits you but does no damage.
You hit something but do no damage.
You hear some strange, mumbled words.
A magic dart appears from out of thin air!
The magic dart hits you. Something hits you. Something burns you.
You closely miss something. Something hits you. Something burns you.
You closely miss something. Your headbutt misses something.
You hear some strange, mumbled words.
You are confused.
You barely miss something.
You hear some strange, mumbled words.
A magic dart appears from out of thin air!
The magic dart hits you. Something hits you but does no damage.
You're too confused to move!
Something hits you. Something burns you.
An orc comes into view. It is wielding a +0 war axe.
The orc shouts!
Something hits you but does no damage. Something hits you but does no damage.
Something hits you!
* * * LOW HITPOINT WARNING * * *
Something burns you.
* * * LOW HITPOINT WARNING * * *
You are too confused!
You feel less confused. You block something's attack.
Something hits you but does no damage.
A magic dart appears from out of thin air!
The magic dart hits you.
* * * LOW HITPOINT WARNING * * *
There is an open door here.
As you read the scroll of teleportation, it crumbles to dust.
You feel strangely unstable. Something hits you!
* * * LOW HITPOINT WARNING * * *
Something burns you.
* * * LOW HITPOINT WARNING * * *
Something hits you!
You die...

#.........##.#
#.........##.#
#.........##.#
#.........##.#
#.........##)#
#.........##.# #.$.....+
#.........##.#.#.......+
#.........##.#$#.....?g.
#......@..##.#.##.......
########'###.#.##.......
#.o##.#.##.!.....
##.##)#.##....g..
#..#.#'##.<.....
#####.#............
#..................
#)...........#####.
#.o...).....##


You could see an orc.

Vanquished Creatures
  An ogre (D:4)
  An orc priest (D:3)
  2 orc wizards
  A hound skeleton (D:4)
  6 adders
  An ufetubus (D:4)
  A worm (D:2)
  6 orcs
  5 bats
  4 endoplasms
  12 hobgoblins
  3 jackals (D:2)
  4 kobolds
  4 quokkas
  2 ball pythons
  7 frilled lizards
  6 goblins
  4 rats
70 creatures vanquished.

Notes
Turn   | Place    | Note
-------+----------+-------------------------------------------
     0 | D:1      | DarkShadow the Minotaur Fighter began the quest for the
                  | Orb.
     0 | D:1      | Reached XP level 1. HP: 19/19 MP: 0/0
   102 | D:1      | Reached XP level 2. HP: 27/27 MP: 1/1
  1038 | D:2      | Reached XP level 3. HP: 20/33 MP: 2/2
  1470 | D:2      | Reached XP level 4. HP: 41/41 MP: 3/3
  2453 | D:3      | Identified a scroll of acquirement
  2453 | D:3      | Acquired a +0 pair of boots of flying
  2526 | D:3      | Reached XP level 5. HP: 40/47 MP: 4/4
  2869 | D:4      | Noticed Sigmund
  2988 | D:4      | Noticed an ogre
  2996 | D:4      | Killed an ogre
  2997 | D:4      | Reached skill level 5 in Armour
  3049 | D:4      | Found a shadowy altar of Dithmenos.
  3176 | D:4      | Reached XP level 6. HP: 55/55 MP: 5/5
  3217 | D:4      | Reached skill level 5 in Long Blades
  3320 | D:4      | Slain by Sigmund

Illustrated notes

Levels and vault maps discovered:
D:1:      lightli_arrival_maybe_door_vault, layout_basic, minmay_split_cup_large
D:2:      layout_loops_corners
D:3:      layout_loops_ring, chequers_mini_garden
D:4:      layout_basic, amcnicky_altar_gilded,
          minmay_temple_entry_enclosed_plants, uniq_sigmund

Skill      XL: |  1  2  3  4  5  6 |
---------------+-------------------+-----
Fighting       | 4 |  4.9
Armour         | 4 5 |  5.2
Shields        | 4 |  4.9
Long Blades    | 3 4 5 |  5.1
Dodging        | |  0.1

Action                   |  1- 3 |  4- 6 || total
-------------------------+-------+-------++-------
Melee: Long sword        |    68 |   107 ||   175
       Headbutt          |     2 |    14 ||    16
  Use: Scroll            |     4 |     6 ||    10
Armor: Scale mail        |    21 |    33 ||    54
       Chain mail        |       |    13 ||    13
Dodge: Dodged            |    25 |    21 ||    46
Block: Kite shield       |    44 |    60 ||   104
       Rpst.: Long sword |     4 |     3 ||     7

Table legend: (Time is in decaauts)
 A = Elapsed time spent in this place.
 B = Non-inter-level travel time spent in this place.
 C = Inter-level travel time spent in this place.
 D = Time resting spent in this place.
 E = Time spent auto-exploring this place.
 F = Levels seen in this place.
 G = Mean time per level.
                   A        B        C        D        E       F      G
               +--------+--------+--------+--------+--------+-----+--------+
         Total |   3397 |   3313 |     84 |    249 |   2329 |   4 |  849.2 |
       Dungeon |   3397 |   3313 |     84 |    249 |   2329 |   4 |  849.2 |
               +--------+--------+--------+--------+--------+-----+--------+

Top non-repeatable levels by time:
     D:2: 1285 daAuts
     D:1: 954 daAuts
     D:3: 711 daAuts
     D:4: 445 daAuts
